 Dungeon Crawl Stone Soup version 0.28-a0-1396-gdcb3f3653b (webtiles) character file.

Game seed: 10480473246207404481

5 Deminshera the Vexing (level 1, 0/11 HPs)
             Began as a Deep Elf Arcane Marksman on Jan 5, 2022.
             Slain by a hobgoblin (5 damage)
             ... on level 1 of the Dungeon.
             The game lasted 00:00:15 (59 turns).

Deminshera the Vexing (Deep Elf Arcane Marksman)      Turns: 59, Time: 00:00:16

Health: 0/11       AC:  2    Str:  7    XL:     1   Next: 66%
Magic:  5/5        EV: 12    Int: 17    God:
Gold:   0          SH:  0    Dex: 15    Spells: 3/4 levels left

rFire   . . .      SeeInvis .   a - +0 shortbow
rCold   . . .      Faith    .   (shield currently unavailable)
rNeg    . . .      Spirit   .   d - +0 robe
rPois   .          Reflect  .   (no helmet)
rElec   .          Harm     .   (no cloak)
rCorr   .          Rampage  .   (no gloves)
Will    .....                   (no boots)
Stlth   +.........              (no amulet)
HPRegen 0.03/turn               (no ring)
MPRegen 0.09/turn               (no ring)

@: no status effects
A: no striking features
a: no special abilities


You were on level 1 of the Dungeon.
You visited 1 branch of the dungeon, and saw 1 of its levels.

Inventory:

Hand Weapons
 a - a +0 shortbow (weapon)
Missiles
 c - an arrow (quivered ammo)
Armour
 d - a +0 robe (worn)


   Skills:
 - Level 0.7 Fighting
 - Level 2.6 Bows
 - Level 2.4 Dodging
 + Level 2.1 Spellcasting
 + Level 4.2 Hexes


You had 3 spell levels left.
You knew the following spells:

 Your Spells              Type           Power      Damage    Failure   Level
a - Slow                  Hex            64%        N/A       3%          1

Your spell library contained the following spells:

 Spells                   Type           Power      Damage    Failure   Level
 Inner Flame              Hex/Fire       9%         N/A       24%         3
 Portal Projectile        Hex/Tloc       18%        N/A       24%         3
 Cause Fear               Hex            8%         N/A       32%         4


Dungeon Overview and Level Annotations

Branches:
Dungeon (1/15)

Altars:


Message History

You shoot an arrow. The arrow hits the ball python.
You kill the ball python!
A hobgoblin comes into view.
Your Spellcasting skill increases to level 2!
You shoot an arrow. The arrow hits the ball python!
You kill the ball python!
You shoot an arrow.
The arrow hits the hobgoblin but does no damage.
You shoot an arrow. The arrow barely misses the hobgoblin.
You shoot an arrow.
The arrow completely misses the hobgoblin.
You shoot an arrow. The arrow hits the hobgoblin.
The hobgoblin is moderately wounded.
You shoot an arrow. The arrow closely misses the hobgoblin.
The hobgoblin barely misses you.
You shoot an arrow. The arrow barely misses the hobgoblin.
The hobgoblin barely misses you. The hobgoblin hits you.
You shoot an arrow. The arrow closely misses the hobgoblin.
The hobgoblin hits you.
You are too injured to fight recklessly!
You are too injured to fight recklessly!
You are too injured to fight recklessly!
You are too injured to fight recklessly!
You are too injured to fight recklessly!
You are too injured to fight recklessly!
You are too injured to fight recklessly!
A hobgoblin is nearby!
A hobgoblin is nearby!
Fire: 3 arrows
Press: ? - help, Q - select action, (/) - cycle Shift-Dir - straight line, f/p - hobgoblin
Aim: a hobgoblin (moderately wounded, 59% to hit)
You shoot an arrow. The arrow hits the hobgoblin.
The hobgoblin is heavily wounded.
The hobgoblin completely misses you.
Fire: 2 arrows
Press: ? - help, Q - select action, (/) - cycle Shift-Dir - straight line, f/p - hobgoblin
Aim: a hobgoblin (heavily wounded, 59% to hit)
You shoot an arrow. The arrow barely misses the hobgoblin.
The hobgoblin hits you.
You die...

#..........#
###...≈≈≈..#'#
#####......⌠≈..#.#####
...?........≈..#....<#
#####..........#>#####
###........###
#........# ###.######
#@# #..(((g(#
..#####(# #.# #.# .((
..# .##


You could see a hobgoblin.

Vanquished Creatures
  2 ball pythons (D:1)
  A giant cockroach (D:1)
  A quokka (D:1)
4 creatures vanquished.

Notes
Turn   | Place    | Note
-------+----------+-------------------------------------------
     0 | D:1      | Deminshera the Deep Elf Arcane Marksman began the quest for
                  | the Orb.
     0 | D:1      | Reached XP level 1. HP: 11/11 MP: 5/5
    59 | D:1      | Slain by a hobgoblin

Illustrated notes

Levels and vault maps discovered:
D:1:      amcnicky_arrival_choice, layout_loops_ring, corexii_leaking_fountain,
          chequers_avenue

Skill      XL: |  1 |
---------------+----+-----
Spellcasting   | 2 |  2.1
Fighting       | |  0.7
Bows           | |  2.6
Dodging        | |  2.4
Hexes          | |  4.2

Action                   || total
-------------------------++-------
 Fire: Shortbow          ||    24
Dodge: Dodged            ||     6

Table legend: (Time is in decaauts)
 A = Elapsed time spent in this place.
 B = Non-inter-level travel time spent in this place.
 C = Inter-level travel time spent in this place.
 D = Time resting spent in this place.
 E = Time spent auto-exploring this place.
 F = Levels seen in this place.
 G = Mean time per level.
                   A        B        C        D        E       F      G
               +--------+--------+--------+--------+--------+-----+--------+
         Total |     62 |     62 |      0 |      0 |     33 |   1 |   62.0 |
       Dungeon |     62 |     62 |      0 |      0 |     33 |   1 |   62.0 |
               +--------+--------+--------+--------+--------+-----+--------+

Top non-repeatable levels by time:
     D:1: 62 daAuts
